 Dungeon Crawl Stone Soup version 0.30-a0-585-g93115170b9 (webtiles) character file.

Game seed: 12281424784304813922

84 Persephone the Cutter (level 4, -4/28 HPs)
             Began as a Kobold Berserker on Jan 1, 2023.
             Was a Follower of Trog.
             Slain by a bullfrog (8 damage)
             ... on level 3 of the Dungeon.
             The game lasted 00:04:08 (1373 turns).

Persephone the Cutter (Kobold Berserker)            Turns: 1373, Time: 00:04:08

Health: -4/28      AC:  4    Str: 20    XL:     4   Next: 72%
Magic:  4/4        EV: 15    Int:  8    God:    Trog [*.....]
Gold:   112        SH:  0    Dex: 16    Spells: 3/3 levels left

rFire   . . .      SeeInvis .    a - +0 short sword
rCold   . . .      Faith    .    (no shield)
rNeg    . . .      Spirit   .    g - +0 leather armour
rPois   .          Reflect  .    k - +0 helmet
rElec   .          Harm     .    (no cloak)
rCorr   .          Rampage  .    (no gloves)
Will    .....      Clarity  +    (no boots)
Stlth   ++                       (no amulet)
HPRegen 0.24/turn                h - +6 ring of strength
MPRegen 0.09/turn                (no ring)

@: on berserk cooldown, slowed, unable to drink, very slow
A: small, no large weapons, nightstalker 3, clarity, inability to drink after
injury 1
a: Renounce Religion, Berserk


You were on level 3 of the Dungeon.
You worshipped Trog.
Trog was aware of your devotion.
You visited 1 branch of the dungeon, and saw 3 of its levels.

You collected 112 gold pieces.

Inventory:

Hand Weapons
 a - a +0 short sword (weapon)
Armour
 g - a +0 leather armour (worn)
 k - a +0 helmet (worn)
Jewellery
 h - a +6 ring of strength (left hand)
Scrolls
 c - a scroll of noise {unknown}
 i - a scroll of fog {unknown}
Potions
 b - a potion of degeneration {unknown}
 e - a potion of mutation
 f - a potion of berserk rage {unknown}
 j - a potion of haste {unknown}
 l - a potion of curing {unknown}
 m - a potion of might {unknown}


   Skills:
 - Level 3.5 Fighting
 + Level 6.3 Short Blades
 - Level 1.8 Armour
 - Level 2.7 Dodging


You had 3 spell levels left.
You didn't know any spells.
Your spell library was empty.

Dungeon Overview and Level Annotations

Branches:
Dungeon (3/15)

Altars:


Innate Abilities, Weirdness & Mutations

You are small and have problems with some larger weapons.
You are completely attuned to the shadows.
You possess an exceptional clarity of mind.
You occasionally lose the ability to drink potions when taking damage.


Message History

You feel a strong urge to attack something.
The hobgoblin completely misses you.
You barely miss the hobgoblin. You puncture the hobgoblin!
You kill the hobgoblin!
Trog accepts your kill.
You are no longer berserk.
You are exhausted.
You feel yourself slow down.
You barely miss the bullfrog. The bullfrog hits you.
The bullfrog barely misses you.
You hit the bullfrog.
The bullfrog is lightly wounded.
The bullfrog barely misses you.
You hit the bullfrog.
The bullfrog is moderately wounded.
The bullfrog barely misses you. The orc hits you with a +0 falchion.
The bullfrog closely misses you.
You hit the bullfrog.
The bullfrog is heavily wounded.
The orc hits you with a +0 falchion.
The bullfrog hits you but does no damage.
It was a potion of mutation.
You feel extremely strange.
You occasionally lose the ability to drink potions when taking damage.
Your thoughts seem clearer.
The bullfrog hits you. The orc misses you. The bullfrog hits you.
You feel threatened and lose the ability to drink potions!
* * * LOW HITPOINT WARNING * * *
The orc barely misses you.
You cannot drink potions in your current state!
You cannot drink potions in your current state!
You hit the bullfrog.
The bullfrog is severely wounded.
The bullfrog barely misses you. The bullfrog closely misses you.
The orc closely misses you.
You hit the bullfrog.
The bullfrog is severely wounded.
The bullfrog closely misses you. The orc completely misses you.
The bullfrog hits you!
You die...

#<.##...#
#..o#...#
##..#...#
####.....#
............
......♣.....
...........
####))o.F#
##.'#).@#+
#...#...#
#<.##...#
####....#
$.....


You could see a bullfrog and an orc.

Vanquished Creatures
  An orc priest (D:3)
  An ufetubus (D:2)
  2 worms (D:2)
  4 orcs
  5 endoplasms
  3 giant cockroaches (D:2)
  4 goblins
  3 hobgoblins
  A quokka (D:2)
  4 ball pythons
  3 bats
  5 frilled lizards
  4 rats
40 creatures vanquished.

Notes
Turn   | Place    | Note
-------+----------+-------------------------------------------
     0 | D:1      | Persephone the Kobold Berserker began the quest for the
                  | Orb.
     0 | D:1      | Reached XP level 1. HP: 14/14 MP: 1/1
   235 | D:1      | Reached XP level 2. HP: 19/19 MP: 2/2
   657 | D:2      | Reached XP level 3. HP: 8/23 MP: 3/3
   865 | D:2      | Reached skill level 5 in Short Blades
  1087 | D:2      | Found a faded altar of an unknown god.
  1351 | D:3      | Reached XP level 4. HP: 28/28 MP: 4/4
  1361 | D:3      | Reached skill level 6 in Short Blades
  1362 | D:3      | Noticed a bullfrog
  1371 | D:3      | Gained mutation: You occasionally lose the ability to drink
                  | potions when taking damage. [potion of mutation]
  1371 | D:3      | Gained mutation: You possess an exceptional clarity of
                  | mind. [potion of mutation]
  1373 | D:3      | Slain by a bullfrog

Illustrated notes

Levels and vault maps discovered:
D:1:      shiori_shiawase, layout_rooms, nrook_mini_backslash,
          minmay_pentomino_v2
D:2:      layout_rooms, dreamdust_ecumenical_altar_grove
D:3:      layout_rooms, gup_sewer_entry_spiral, grunt_ministairs_6,
          kennysheep_cluttered_room

Skill      XL: |  1  2  3  4 |
---------------+-------------+-----
Short Blades   | 5 6 |  6.3
Fighting       | |  3.5
Armour         | |  1.8
Dodging        | |  2.7

Action                   |  1- 3 |  4- 6 || total
-------------------------+-------+-------++-------
Melee: Short sword       |   108 |    18 ||   126
       Punch             |     2 |       ||     2
Invok: Berserk           |     3 |       ||     3
  Use: Scroll            |     2 |       ||     2
       Potion            |       |     1 ||     1
 Stab: Sleeping          |    12 |       ||    12
Armor: Animal skin       |     1 |       ||     1
       Leather armour    |    12 |     2 ||    14
Dodge: Dodged            |    71 |    16 ||    87

Table legend: (Time is in decaauts)
 A = Elapsed time spent in this place.
 B = Non-inter-level travel time spent in this place.
 C = Inter-level travel time spent in this place.
 D = Time resting spent in this place.
 E = Time spent auto-exploring this place.
 F = Levels seen in this place.
 G = Mean time per level.
                   A        B        C        D        E       F      G
               +--------+--------+--------+--------+--------+-----+--------+
         Total |   1357 |   1293 |     64 |      0 |    988 |   3 |  452.3 |
       Dungeon |   1357 |   1293 |     64 |      0 |    988 |   3 |  452.3 |
               +--------+--------+--------+--------+--------+-----+--------+

Top non-repeatable levels by time:
     D:2: 707 daAuts
     D:1: 593 daAuts
     D:3: 56 daAuts
